 Dungeon Crawl Stone Soup version 0.31-a0-188-g5e087ee2ca (webtiles) character file.

Game seed: 11105693693579787549

1956 qw the Skirmisher (level 8, -6/42 (46) HPs)
             Began as a Deep Elf Hunter on June 22, 2023.
             Was a Follower of Okawaru.
             Mangled by a wight
             ... wielding a +3 flail
              (11 damage)
             ... on level 7 of the Dungeon.
             The game lasted 00:02:25 (5999 turns).

qw the Skirmisher (Deep Elf Hunter)                 Turns: 5999, Time: 00:02:26

HP:   -6/42 (46)    AC: 10    Str:  8      XL:     8   Next: 99%
MP:   11/13         EV: 17    Int: 17 (19) God:    Okawaru [*.....]
Gold: 348           SH:  0    Dex: 18      Spells: 7/7 levels left

rFire   + . .        Y - +0 shortbow (drain)
rCold   . . .        (shield currently unavailable)
rNeg    . . .        k - +6 leather armour of Boevvigg {rElec Int+4}
rPois   .            c - +0 helmet
rElec   +            (no cloak)
rCorr   .            (no gloves)
SInv    +            (no boots)
Will    .....        (no amulet)
Stlth   +++          h - ring of see invisible
HPRegen 0.27/turn    l - ring of protection from fire
MPRegen 0.13/turn

%: no passive effects
@: about to teleport, heroic, drained
A: deterioration 1, weak 1, MP-powered wands
a: Renounce Religion, Heroism


You were on level 7 of the Dungeon.
You worshipped Okawaru.
Okawaru was aware of your devotion.
You visited 2 branches of the dungeon, and saw 8 of its levels.

You collected 348 gold pieces.


Innate Abilities, Weirdness & Mutations

Your body sometimes deteriorates upon taking damage.
You are weak. (Str -2)
You expend magic power (3 MP) to strengthen your wands.


   Skills:
 - Level 3.0(8.0) Fighting
 + Level 13.7(18.7) Ranged Weapons
 - Level 5.1(10.1) Dodging
 - Level 1.2(6.2) Stealth
 - Level 4.0 Invocations


You had 7 spell levels left.
You didn't know any spells.
Your spell library was empty.

Inventory:

Hand Weapons
 Y - a +0 shortbow of draining (weapon)
Armour
 c - a +0 helmet (worn)
 k - the +6 leather armour of Boevvigg (worn) {rElec Int+4}
   (You found it on level 3 of the Dungeon)

   Int:       It affects your intelligence (+4).
   rElec:     It insulates you from electricity.
 n - a +0 pair of boots
Jewellery
 b - a ring of ice
 h - a ring of see invisible (left hand)
 l - a ring of protection from fire (right hand)
 o - a +6 ring of intelligence
Scrolls
 g - 5 scrolls of identify
 j - 3 scrolls of teleportation
Potions
 a - a potion of curing
 d - a potion of might
 e - a potion of brilliance {unknown}
 f - a potion of magic {unknown}
 i - a potion of attraction {unknown}
 m - a potion of enlightenment {unknown}

Dungeon Overview and Level Annotations

Branches:
Dungeon (7/15)             Temple (1/1) D:6

Altars:
Cheibriados
Dithmenos
Elyvilon
Fedhas
Hepliaklqana
Kikubaaqudgha
Makhleb
Nemelex Xobeh
Okawaru
Qazlal
Sif Muna
Uskayaw
Vehumet
Xom
Zin
The Shining One

Shops:
D:2 (   D:4 *

Annotations:
D:4 1 runed translucent door, exclusion: moth of wrath, Crazy Yiuf
D:7 2 runed translucent doors, qw's ghost, novice DEHu


Message History

You shoot an arrow.
The arrow hits the wight but does no damage.
You shoot an arrow. The arrow hits the wight.
The wight is moderately damaged.
You shoot an arrow. The arrow barely misses the wight.
You shoot an arrow. The arrow barely misses the wight.
The wight hits you with a +0 hand axe!
You shoot an arrow. The arrow hits the wight.
The wight is heavily damaged.
You shoot an arrow. The arrow hits the wight!
The wight is almost destroyed.
You shoot an arrow. The arrow hits the wight.
You destroy the wight!
Okawaru accepts your kill.
You feel your strength returning.
You shoot an arrow.
The arrow hits the wight but does no damage.
The wight hits you with a +3 flail!
You feel drained.
5992 ||| INVOKING Heroism.
You gain the combat prowess of a mighty hero.
The wight hits you with a +3 flail.
Your body deteriorates!
You feel dopey.
You shoot an arrow. The arrow barely misses the wight.
You shoot an arrow. The arrow barely misses the wight.
The wight barely misses you.
You shoot an arrow. The arrow hits the wight.
The wight is lightly damaged.
The wight hits you with a +3 flail!
You feel drained.
You shoot an arrow. The arrow closely misses the wight.
The wight closely misses you.
You shoot an arrow. The arrow closely misses the wight.
You shoot an arrow.
The arrow hits the wight but does no damage.
The wight is lightly damaged.
The wight hits you with a +3 flail!
You feel drained.
5999 ||| READING 4 scrolls of teleportation.
As you read the scroll of teleportation, it crumbles to dust.
You feel strangely unstable. The wight hits you with a +3 flail!
You die...

........####.#
........##...#
......####.### #######
#[..# #.#%### #
#########.#.#.) .#
#......##.#.#.###.#.#
#......##.#.#.#)z...#
#......####.#.#@########
#......##.....#........#
#......##.###)#.######.#
##......##. #.).#
.'......## #####
##......# .'......#
##......# .'......#


You could see a wight.

Vanquished Creatures
  2 water moccasins (D:7)
  An ice beast (D:6)
  A sky beast (D:7)
  A black bear (D:6)
  2 ogres
  Blork the orc (D:6)
  2 bullfrogs
  A scorpion (D:7)
  7 wights
  An electric eel (D:7)
  A jelly (D:6)
  2 orc priests (D:3)
  5 hounds
  3 orc wizards
  3 iguanas
  Robin (D:4)
  5 gnolls
  6 adders
  A shadow imp (D:5)
  A white imp (D:7)
  2 ufetubi
  2 worms
  3 dart slugs
  18 orcs
  5 ball pythons
  11 bats
  9 endoplasms
  3 giant cockroaches
  15 goblins
  12 hobgoblins
  4 jackals (D:3)
  6 kobolds
  5 quokkas
  3 frilled lizards
  5 rats
150 creatures vanquished.

Notes
Turn   | Place    | Note
-------+----------+-------------------------------------------
     0 | D:1      | qw the Deep Elf Hunter began the quest for the Orb.
     0 | D:1      | Reached XP level 1. HP: 12/12 MP: 3/3
     0 | D:1      | 0 ||| qw: Version: 0.3-a-9-g12657ce
     0 | D:1      | 0 ||| qw: Game counter: 2978
     0 | D:1      | 0 ||| qw: Always use a shield: true
     0 | D:1      | 0 ||| qw: God list: Okawaru
     0 | D:1      | 0 ||| qw: Allow faded altars: false
     0 | D:1      | 0 ||| qw: Do Orc after D:15 true
     0 | D:1      | 0 ||| qw: Do second Lair branch before Depths: true
     0 | D:1      | 0 ||| qw: Lair rune preference: random
     0 | D:1      | 0 ||| qw: Plans: Normal
     0 | D:1      | 0 ||| PLANNING D:1-11
    28 | D:1      | Reached skill level 6 in Ranged Weapons
    28 | D:1      | Reached XP level 2. HP: 16/16 MP: 4/4
   465 | D:1      | Reached XP level 3. HP: 20/20 MP: 5/5
   920 | D:1      | Found a faded altar of an unknown god.
  1133 | D:1      | 1133 ||| UPGRADING to +0 ring mail.
  1143 | D:1      | 1143 ||| DROPPING +0 leather armour.
  1144 | D:1      | 1144 ||| DROPPING ring of magical power.
  1145 | D:1      | 1145 ||| READING scroll labelled ILAUPE QAMN.
  1182 | D:1      | 1182 ||| READING scroll labelled VOAPPI ANTIE.
  1183 | D:1      | 1183 ||| READING scroll labelled BOCEAL TUNTAIMN.
  1184 | D:1      | 1184 ||| READING scroll labelled UKHLIN NOULAROI.
  1185 | D:1      | 1185 ||| READING 2 scrolls labelled WAUX REMUGICE.
  1188 | D:1      | 1188 ||| DROPPING scroll of butterflies.
  1201 | D:2      | Reached skill level 7 in Ranged Weapons
  1371 | D:2      | Identified the +2 robe "Xugest" {Str+5}
  1455 | D:2      | Found a radiant altar of Vehumet.
  1533 | D:2      | Reached XP level 4. HP: 25/25 MP: 6/6
  1798 | D:2      | Found Zaejerou's Weapon Shop.
  1807 | D:2      | 1807 ||| DROPPING +2 robe "Xugest" {Str+5}.
  1808 | D:2      | 1808 ||| UPGRADING to +0 helmet.
  1813 | D:2      | 1813 ||| DRINKING 2 golden potions.
  1814 | D:2      | 1814 ||| DRINKING 2 blue potions.
  2028 | D:3      | Reached skill level 8 in Ranged Weapons
  2030 | D:3      | Reached XP level 5. HP: 24/29 MP: 7/7
  2256 | D:3      | Reached skill level 9 in Ranged Weapons
  2292 | D:3      | Identified the +6 leather armour of Boevvigg {rElec Int+4}
  2357 | D:3      | Found a blossoming altar of Fedhas.
  2458 | D:3      | 2458 ||| UPGRADING to +6 leather armour of Boevvigg {rElec
                  | Int+4}.
  2468 | D:3      | 2468 ||| DROPPING +0 ring mail.
  2469 | D:3      | 2469 ||| READING scroll labelled HAVUAR NIXIW.
  2470 | D:3      | 2470 ||| READING scroll labelled KULAF LIUPS.
  2471 | D:3      | 2471 ||| DRINKING 2 orange potions.
  2471 | D:3      | Gained mutation: You are strong-willed. (Will+) [potion of
                  | mutation]
  2471 | D:3      | Gained mutation: You are frail. (-10% HP) [potion of
                  | mutation]
  2471 | D:3      | Gained mutation: Potions are less effective at restoring
                  | your health. [potion of mutation]
  2471 | D:3      | Gained mutation: You are agile. (Dex +4, Str/Int -1)
                  | [potion of mutation]
  2472 | D:3      | 2472 ||| DRINKING potion of mutation.
  2472 | D:3      | Lost mutation: You are frail. (-10% HP) [potion of
                  | mutation]
  2472 | D:3      | Lost mutation: You are strong-willed. (Will+) [potion of
                  | mutation]
  2472 | D:3      | Lost mutation: You are agile. (Dex +4, Str/Int -1) [potion
                  | of mutation]
  2472 | D:3      | Gained mutation: Your system is resistant to poisons.
                  | (rPois) [potion of mutation]
  2472 | D:3      | Gained mutation: You are partially covered in iridescent
                  | scales. (AC +2) [potion of mutation]
  2472 | D:3      | Gained mutation: You expend magic power (3 MP) to
                  | strengthen your wands. [potion of mutation]
  2508 | D:4      | Reached skill level 3 in Dodging
  2563 | D:4      | Found a runed translucent door.
  2564 | D:4      | Noticed Crazy Yiuf
  2623 | D:4      | Reached XP level 6. HP: 34/35 MP: 8/8
  2629 | D:4      | Found Cuasm's Overcharged Wands.
  2638 | D:4      | 2638 ||| SHOPLISTING wand of digging (11) (693 gold, have
                  | 135).
  2663 | D:4      | Found a faded altar of an unknown god.
  2663 | D:4      | Found a faded altar of an unknown god.
  2665 | D:4      | Found a hazy altar of Hepliaklqana.
  2796 | D:4      | Noticed Robin
  2811 | D:4      | Killed Robin
  3083 | D:4      | Noticed a moth of wrath
  3084 | D:4      | 3084 ||| UPGRADING to amulet of guardian spirit.
  3268 | D:4      | 3268 ||| UPGRADING to ring of see invisible.
  3307 | D:5      | Entered Level 5 of the Dungeon
  3315 | D:5      | Reached skill level 10 in Ranged Weapons
  3324 | D:5      | 3324 ||| DRINKING potion of curing.
  3324 | D:5      | 3324 ||| (to cure confusion)
  3394 | D:5      | Reached XP level 7. HP: 40/40 MP: 9/9
  4085 | D:6      | Found a staircase to the Ecumenical Temple.
  4086 | D:6      | 4086 ||| PLANNING TEMPLE
  4099 | D:6      | Reached skill level 11 in Ranged Weapons
  4112 | Temple   | Entered the Ecumenical Temple
  4134 | Temple   | 4134 ||| PLANNING OKAWARU WORSHIP
  4306 | Temple   | Became a worshipper of Warmaster Okawaru
  4307 | Temple   | 4307 ||| PLANNING D:1-11
  4307 | Temple   | 4307 ||| REMOVING amulet of guardian spirit.
  4312 | Temple   | 4312 ||| DROPPING amulet of guardian spirit.
  4471 | D:6      | Found a shimmering altar of Xom.
  4529 | D:6      | Found a white marble altar of Elyvilon.
  4546 | D:6      | Reached skill level 12 in Ranged Weapons
  4615 | D:6      | Reached skill level 3 in Fighting
  4615 | D:6      | Reached XP level 8. HP: 46/46 MP: 10/10
  4679 | D:6      | Reached * piety under Okawaru
  4735 | D:6      | Found a glowing silver altar of Zin.
  4735 | D:6      | Noticed an angel
  4829 | D:6      | Noticed Blork the orc
  4830 | D:6      | 4830 ||| INVOKING Heroism.
  4836 | D:6      | Killed Blork the orc
  4975 | D:6      | Found a shimmering blue altar of Sif Muna.
  4979 | D:6      | 4979 ||| UPGRADING to ring of protection from fire.
  5279 | D:7      | Reached skill level 1 in Invocations
  5299 | D:7      | Found a large runed translucent door.
  5302 | D:7      | Found a large runed translucent door.
  5302 | D:7      | Noticed qw's ghost (novice DEHu)
  5451 | D:7      | 5451 ||| DRINKING potion of mutation.
  5451 | D:7      | Lost mutation: You are partially covered in iridescent
                  | scales. (AC +2) [potion of mutation]
  5451 | D:7      | Lost mutation: Potions are less effective at restoring your
                  | health. [potion of mutation]
  5451 | D:7      | Lost mutation: Your system is resistant to poisons. (rPois)
                  | [potion of mutation]
  5451 | D:7      | Gained mutation: You are weak. (Str -2) [potion of
                  | mutation]
  5451 | D:7      | Gained mutation: Your body sometimes deteriorates upon
                  | taking damage. [potion of mutation]
  5613 | D:7      | Reached skill level 13 in Ranged Weapons
  5613 | D:7      | Reached skill level 3 in Invocations
  5859 | D:7      | 5859 ||| INVOKING Heroism.
  5992 | D:7      | 5992 ||| INVOKING Heroism.
  5998 | D:7      | HP: 5/44 [wight/+3 flail (7)]
  5999 | D:7      | 5999 ||| READING 4 scrolls of teleportation.
  5999 | D:7      | Mangled by a wight

Levels and vault maps discovered:
D:1:      dpeg_arrival_tiny_h, layout_loops_corners,
          chequers_ecumenical_altar_simple_redux, roderic_roman_lattice,
          hex_tiny, glass_columns_a, chequers_serial_rivers_small_b,
          grunt_decor_fettered
D:2:      layout_loops_cross, basic_altar, serial_shops, nicolae_lakefront_shop
D:3:      layout_basic, general_overflow_altar
D:4:      layout_basic, nicolae_hepliaklqana_ecumenical_no_more, tgw_trog,
          serial_bayou_pond_c, nicolae_shop_overcharged_wands,
          uniq_crazy_yiuf_cottage, uniq_robin
D:5:      layout_loops_ring, hangedman_decor_lopped, corexii_checkpoint_a
D:6:      layout_loops_ring, zin_angel, lemuel_round_altar, elyvilon_altar_3,
          led_sif_pool, minmay_temple_entry_large_hall,
          chequers_serial_rivers_room_b, uniq_blork_the_orc
D:7:      layout_basic, ebering_ghost_disaster_area, nrook_pool_corridor,
          wad_mini_maze
Temple:   nicolae_temple_bog_church

Skill      XL: |  1  2  3  4  5  6  7  8 |
---------------+-------------------------+-----
Ranged Weapons | 6 7 8 9 10 12 13 | 13.7
Dodging        | 3 4 5 |  5.1
Fighting       | 2 3 |  3.0
Invocations    | 4 |  4.0
Stealth        | |  1.2

Action                     |  1- 3 |  4- 6 |  7- 9 || total
---------------------------+-------+-------+-------++-------
   Fire: Shortbow          |   115 |   287 |   204 ||   606
 Invoke: Heroism           |       |       |     3 ||     3
    Use: Scroll            |     5 |     2 |     1 ||     8
         Potion            |       |     5 |     1 ||     6
 Armour: Leather armour    |     4 |    51 |    18 ||    73
         Ring mail         |     4 |    15 |       ||    19
  Dodge: Dodged            |    36 |   106 |    50 ||   192

Table legend:
 A = Non-vault XP
 B = Vault XP
 C = Vault XP percentage of total XP
 D = Non-vault monster count
 E = Vault monster count
 F = Vault count percentage of total count
                 A         B        C        D         E       F
            +---------+---------+-------+---------+---------+-------
      Total |    2661 |     134 |   4.8 |     134 |      16 |  10.7
            +---------+---------+-------+---------+---------+-------
        D:1 |      60 |       0 |   0.0 |      25 |       0 |   0.0
        D:2 |      59 |       0 |   0.0 |      20 |       0 |   0.0
        D:3 |     174 |       0 |   0.0 |      29 |       0 |   0.0
        D:4 |     214 |      37 |  14.7 |      16 |      13 |  44.8
        D:5 |     218 |       6 |   2.7 |      18 |       2 |  10.0
        D:6 |     792 |      91 |  10.3 |      10 |       1 |   9.1
        D:7 |    1144 |       0 |   0.0 |      16 |       0 |   0.0
            +---------+---------+-------+---------+---------+-------
